[Event "Live Chess"]
[Site "Chess.com"]
[Date "2023.05.21"]
[Round "-"]
[White "Davidagye"]
[Black "Biranidun"]
[Result "0-1"]
[WhiteElo "1679"]
[BlackElo "2540"]
[TimeControl "300"]
[EndTime "3:28:10 PDT"]
[Termination "Biranidun won by checkmate"]

1. e4 c5 2. Nf3 d6 3. d4 cxd4 4.
Nxd4 Nf6 5. Nc3 g6 6. Be2 Bg7 7. O-O O-O 8. Be3 Nc6 9. f3 d5 10. exd5 Nxd5 11. Bf2 Nxc3 12. bxc3 Bd7 13. Rb1 Qc7 14.
Nb5 Qc8 15. Bd4 Nxd4 16. cxd4 a6 17. Na3 Qc3 18. Rb3 Qxd4+ 19. Kh1 Qxd1 20. Rxd1 Bc6 21. Nc4 b5 22. Na5 Rfc8 23. Nxc6 Rxc6 24. Bd3 Rd8 25.
h4 h5 26. Kh2 Bf6 27. g3 e6 28. Rb4 Kf8 29. Rf4 Ke7 30. Re1 Bc3 31. Re2 Rd5 32. Be4 Re5 33. Re3 Rc4 34. Rd3 f5 35. Bb7 Re2+ 36.
Kh3 Rxc2 37. Bxa6 Rxf4 38. gxf4 b4 39. Bc4 Bd2 40. Bb3 Rb2 41. Rd4 Bc3 42. Rc4 Re2 43.
Rc7+ Kd6 44. Rb7 Kc6 45. Re7 Kd6 46. Re8 Kd7 47. Rg8 Bd2 48. Rxg6 Bxf4 49. Rg7+ Kd6 50. Rg2 Re1 51. Rg6 Re2 52. Rg2 Re3 53. Bd1 e5 54. Rg6+ Kc5 55. Rg2 e4 56. Rf2 Kd4 57.
Kg2 Ke5 58. fxe4 Rg3+ 59. Kf1 fxe4 60. Bxh5 Rh3 61. Bd1 Rxh4 62. Re2 Rh1+ 63. Kf2 Rxd1 64. Rb2 Rd2+ 65. Rxd2 Bxd2 66. Ke2 Bc3 67. Ke3 Bd4+ 68.
Ke2 Kd5 69. Kd2 Kc4 70. Kc2 e3 71. Kd1 Kd3 72. Ke1 Bc3+ 73. Kd1 e2+ 74. Kc1 e1=Q# 0-1

[Event "Live Chess"]
[Site "Chess.com"]
[Date "2023.05.21"]
[Round "-"]
[White "sanjesh_ananda"]
[Black "JoRoSaR"]
[Result "0-1"]
[WhiteElo "1259"]
[BlackElo "1680"]
[TimeControl "300"]
[EndTime "3:28:20 PDT"]
[Termination "JoRoSaR won by resignation"]

1. e4 c5 2. Bc4 Nc6 3. Nf3 d6 4.
h3 e5 5. Nc3 g6 6. O-O Bg7 7. d3 Nge7 8. Ng5 O-O 9. f4 h6 10.
Nf3 exf4 11. Bxf4 Kh7 12. Qe1 a6 13. a3 b5 14. Bb3 Nd4 15. Nxd4 Bxd4+ 16. Kh1 Nc6 17.
Qh4 0-1

[Event "Live Chess"]
[Site "Chess.com"]
[Date "2023.05.21"]
[Round "-"]
[White "peter-785"]
[Black "Purple1szed"]
[Result "0-1"]
[WhiteElo "1183"]
[BlackElo "1830"]
[TimeControl "300"]
[EndTime "3:28:27 PDT"]
[Termination "Purple1szed won by resignation"]

1. e4 e5 2. Nf3 Nc6 3. Bc4 Nf6 4. Nc3 Bc5 5. O-O d6 6. d3 h6 7. Re1 Bg4 8. h3 Bh5 9. Be3 O-O 10. Bxc5 dxc5 11.
g4 Nxg4 12. hxg4 Bxg4 13. Re3 Nd4 14. Qd2 Nxf3+ 15. Rxf3 Bxf3 0-1

[Event "Live Chess"]
[Site "Chess.com"]
[Date "2023.05.21"]
[Round "-"]
[White "ameetghasi100"]
[Black "WombatIn_A_Box"]
[Result "1-0"]
[WhiteElo "2615"]
[BlackElo "570"]
[TimeControl "300"]
[EndTime "3:28:34 PDT"]
[Termination "ameetghasi100 won by checkmate"]

1. d4 d5 2. c4 dxc4 3. e4 Nf6 4. Nc3 Nc6 5. Be3 Bg4 6. f3 Bh5 7. g4 Bg6 8. h4 h5 9. g5 Nd7 10. Nge2 f6 11. Nf4 Bh7 12. Ne6 Qc8 13. Nd5 fxg5 14.
Ndxc7+ Kf7 15. Nxg5+ Kg8 16. Bh3 Qxc7 17. Be6# 1-0

[Event "Live Chess"]
[Site "Chess.com"]
[Date "2023.05.21"]
[Round "-"]
[White "OleksiyJr1"]
[Black "ranvir123"]
[Result "1-0"]
[WhiteElo "985"]
[BlackElo "951"]
[TimeControl "300"]
[EndTime "3:28:42 PDT"]
[Termination "OleksiyJr1 won by resignation"]

1. e4 e5 2. Nf3 Nc6 3. Bc4 Nd4 4. Nxd4 exd4 5. f4 Qh4+ 6. g3 Qh3 7. Qf3 Nf6 8. e5 Nh5 9. d3 Bb4+ 10. Bd2 Bxd2+ 11. Nxd2 f6 12. exf6 Nxf6 13. O-O-O d5 14. Rde1+ 1-0

[Event "Live Chess"]
[Site "Chess.com"]
[Date "2023.05.21"]
[Round "-"]
[White "seasidecastle27"]
[Black "jagbama"]
[Result "1-0"]
[WhiteElo "1906"]
[BlackElo "1177"]
[TimeControl "300"]
[EndTime "3:28:43 PDT"]
[Termination "seasidecastle27 won by checkmate"]

1. d4 d5 2. Nf3 Nf6 3. Bf4 e6 4. e3 c5 5. c3 c4 6. Nbd2 Nbd7 7.
Ne5 b5 8. a3 Bb7 9. Be2 h6 10.
Bf3 g5 11. Bg3 h5 12. Nxd7 Nxd7 13. Bxh5 Nf6 14. Bf3 Ne4 15. Bxe4 dxe4 16. Qe2 f5 17. f3 Bd6 18. Bxd6 Qxd6 19. fxe4 Rxh2 20. O-O-O Bxe4 21. Nxe4 fxe4 22. Qg4 Rxh1 23. Rxh1 Kd7 24. Rh7+ Kc6 25. Qxe4+ Qd5 26. Qg4 a5 27. e4 Qd8 28. Qxe6+ Qd6 29. d5+ Kc5 30. Qxd6+ Kxd6 31. Rh6+ Ke5 32. Re6+ Kf4 33. d6 g4 34. e5 Ke3 35. d7 Rd8 36. Rd6 Kf2 37. e6 Kxg2 38. e7 Rh8 39. e8=Q Rh1+ 40. Rd1 Rh3 41. Qe2+ Kg3 42. Rg1+ Kf4 43. Rxg4+ Kf5 44. Qe4+ Kf6 45. Rf4+ Kg5 46. Qf5+ Kh6 47. Qxh3+ Kg5 48. Qg3+ Kh5 49. Rh4# 1-0

[Event "Live Chess"]
[Site "Chess.com"]
[Date "2023.05.21"]
[Round "-"]
[White "McSlash1"]
[Black "manthanit"]
[Result "1-0"]
[WhiteElo "2021"]
[BlackElo "1090"]
[TimeControl "300"]
[EndTime "3:28:52 PDT"]
[Termination "McSlash1 won by checkmate"]

1. e4 e6 2. d4 d5 3. Nd2 dxe4 4.
Nxe4 Nf6 5. Nxf6+ Qxf6 6. Nf3 Nc6 7. Bd3 Bd7 8. Bg5 Nxd4 9. Bxf6 Nxf3+ 10. Qxf3 gxf6 11.
Qxb7 Bg7 12. Qxa8+ Ke7 13. Qxa7 f5 14. O-O-O Be5 15.
g3 c6 16. Bxf5 exf5 17. Rxd7+ Kf6 18. Rxf7+ Kg5 19. Qe7+ Kg4 20. Qxe5 Kf3 21. Rxf5+ Kg2 22. Qe4+ Kh3 23. Rh5# 1-0

[Event "Live Chess"]
[Site "Chess.com"]
[Date "2023.05.21"]
[Round "-"]
[White "Woodpusher500"]
[Black "LiamBellwood"]
[Result "0-1"]
[WhiteElo "1088"]
[BlackElo "1936"]
[TimeControl "300"]
[EndTime "3:29:01 PDT"]
[Termination "LiamBellwood won by resignation"]

1. e4 e6 2. d4 d5 3. Nc3 Bb4 4. exd5 exd5 5. Qf3 Ne7 6. Bd3 Be6 7. Bf4 Qd7 8. Ne2 Nbc6 9. a3 Bxc3+ 10. Nxc3 Bg4 11.
Qg3 O-O-O 12. O-O Bf5 13. Rad1 Bxd3 14. Rxd3 Nf5 15. Qg4 Nfxd4 16. Qxd7+ Rxd7 17. Rd2 Re8 18. Be3 Nf5 19. Bf4 d4 20. Nb5 a6 21. Nxc7 Rxc7 22.
Bxc7 Kxc7 23. Rfd1 b5 24. c3 Rd8 25. cxd4 Nfxd4 26. f3 Nb3 27. Rxd8 Nxd8 28. Rd3 Nc5 29. Rc3 Kd6 30. Rd3+ Nxd3 0-1

[Event "Live Chess"]
[Site "Chess.com"]
[Date "2023.05.21"]
[Round "-"]
[White "Berdgross"]
[Black "YrrriKharkiv"]
[Result "0-1"]
[WhiteElo "670"]
[BlackElo "2056"]
[TimeControl "300"]
[EndTime "3:29:01 PDT"]
[Termination "YrrriKharkiv won by resignation"]

1. d4 Nf6 2. e3 c5 3. Bd3 g6 4.
Nf3 Bg7 5. dxc5 Qa5+ 6. Nc3 Qxc5 7. Na4 Qc7 8. O-O O-O 9. a3 a6 10. Nc3 d5 11. e4 d4 12. Nxd4 Rd8 13. Nf3 Bg4 14.
h3 Be6 15. g3 Bxh3 16. Bf4 Qa5 17. Re1 Bg4 18. e5 Nd5 19. Nxd5 Qxd5 20. Be4 Qxd1 21. Rexd1 Rxd1+ 22. Rxd1 Nc6 23. Bxc6 bxc6 24. Nd4 Bxd1 25.
Nxc6 Bf8 26. Nd4 e6 27. Nc6 Bxc2 28. Kg2 Be4+ 29. Kh3 Bxc6 0-1

[Event "Live Chess"]
[Site "Chess.com"]
[Date "2023.05.21"]
[Round "-"]
[White "MJMykh"]
[Black "RockTroll"]
[Result "0-1"]
[WhiteElo "1159"]
[BlackElo "2234"]
[TimeControl "300"]
[EndTime "3:29:05 PDT"]
[Termination "RockTroll won by resignation"]

1. e4 d5 2. Nf3 dxe4 3. Ng1 Nf6 4.
Nc3 Bg4 5. Bb5+ c6 6. Be2 Bxe2 7. Qxe2 Nbd7 8. Nxe4 Nxe4 9. Qxe4 Nf6 10. Qe2 e6 11.
Qd1 Bd6 12. a3 O-O 13. Nf3 e5 14. O-O e4 15. Ng5 h6 16. Nh3 Qd7 17. d3 Rad8 18. dxe4 Bxh2+ 19. Kxh2 Qxd1 20. Rxd1 Rxd1 0-1

[Event "Live Chess"]
[Site "Chess.com"]
[Date "2023.05.21"]
[Round "-"]
[White "bedsdrout"]
[Black "Brooms1989"]
[Result "0-1"]
[WhiteElo "572"]
[BlackElo "1132"]
[TimeControl "300"]
[EndTime "3:29:10 PDT"]
[Termination "Brooms1989 won by resignation"]

1. e3 e5 2. Bd3 d5 3. Qh5 Nc6 4. e4 g6 5. Qf3 Nd4 6. Qg3 Bg7 7. Nf3 Nxf3+ 8. Qxf3 dxe4 9. Qxe4 c6 10. Qf3 Nf6 11.
Bc4 O-O 12. Bd3 e4 13. Qh3 Bxh3 14. O-O exd3 15. cxd3 Bf5 16. d4 Qxd4 17. Nc3 Nd5 18. d3 Nxc3 19. Bd2 Nb5 20. Rfe1 Rae8 21. Rac1 Rxe1+ 22. Rxe1 Qxb2 23. Rc1 Re8 24. h3 Be5 25. Kf1 Qxd2 26.
Ra1 Bxa1 27. Kg1 Be5 0-1

[Event "Live Chess"]
[Site "Chess.com"]
[Date "2023.05.21"]
[Round "-"]
[White "JanMur7"]
[Black "DoYouLikeCurry"]
[Result "1-0"]
[WhiteElo "1968"]
[BlackElo "1397"]
[TimeControl "300"]
[EndTime "3:29:12 PDT"]
[Termination "JanMur7 won by resignation"]

1. e4 c6 2. d4 d5 3. Nc3 dxe4 4. Nxe4 Bf5 5. Ng3 Bg6 6. Nf3 Nd7 7. Bd3 Bxd3 8. Qxd3 e6 9. O-O Ngf6 10. c3 Bd6 11. Ne4 Nxe4 12. Qxe4 Qc7 13. h3 O-O-O 14. a4 Rdg8 15.
a5 a6 16. Nd2 h5 17. Nc4 g5 18. Nxd6+ Qxd6 19. f4 g4 20. h4 f5 21. Qe3 Nf8 22.
g3 Ng6 23. Re1 Re8 24. b3 e5 25. dxe5 Nxe5 26. fxe5 Rxe5 27. Qxe5 Qd3 28. Qxh8+ 1-0

[Event "Live Chess"]
[Site "Chess.com"]
[Date "2023.05.21"]
[Round "-"]
[White "The_Straightforward_Rook"]
[Black "LL220284LL"]
[Result "0-1"]
[WhiteElo "1950"]
[BlackElo "2321"]
[TimeControl "300"]
[EndTime "3:29:29 PDT"]
[Termination "LL220284LL won by resignation"]

1. e4 Nf6 2. Nc3 Nc6 3. Nf3 d6 4. d4 Bg4 5. Bb5 a6 6. Ba4 b5 7.
Bb3 e6 8. Qd3 Be7 9. Bg5 h6 10. Bh4 e5 11. Bxf6 Bxf6 12. Bd5 Bd7 13. dxe5 Bxe5 14. Nxe5 Nxe5 15. Qg3 O-O 16. Bxa8 Qxa8 17.
O-O b4 18. Nd5 Qb7 19. f4 Nc4 20. Nf6+ Kh8 21. Nxd7 Rd8 22. Nf6 gxf6 23. Qh4 Kg7 24.
Rf3 Qxe4 25. Rg3+ Kf8 26. Qxf6 Re8 27. Rf1 Re6 28. Qd8+ Re8 29. Qxc7 Qd4+ 30. Kh1 Nd2 31. Rd3 Qf2 32. Qxd6+ Kg8 33. Rg1 Re1 34. Rg3+ Kh7 35. Qd3+ Ne4 36. Qxe4+ Rxe4 37. Rf3 Qxc2 0-1

[Event "Live Chess"]
[Site "Chess.com"]
[Date "2023.05.21"]
[Round "-"]
[White "domrobson"]
[Black "Rusty_Bridges"]
[Result "1-0"]
[WhiteElo "1703"]
[BlackElo "1504"]
[TimeControl "300"]
[EndTime "3:29:33 PDT"]
[Termination "domrobson won by resignation"]

1. d4 d5 2. c4 e6 3. Nf3 Nf6 4.
Nc3 Bb4 5. Bg5 h6 6. Bxf6 Qxf6 7. e3 Nd7 8. Ne5 Nxe5 9. dxe5 Qxe5 10. Qa4+ c6 11.
Qxb4 f5 12. Be2 f4 13. exf4 Qxf4 14. O-O h5 15. g3 Qf5 16. cxd5 cxd5 17. Bb5+ Bd7 18.
Rfe1 h4 19. Bxd7+ Kxd7 20. Qxb7+ Kd6 21. Nb5+ Kc5 22. Rac1+ 1-0

[Event "Live Chess"]
[Site "Chess.com"]
[Date "2023.05.21"]
[Round "-"]
[White "nigelst"]
[Black "Shepherds_Pie"]
[Result "0-1"]
[WhiteElo "1708"]
[BlackElo "1939"]
[TimeControl "300"]
[EndTime "3:29:45 PDT"]
[Termination "Shepherds_Pie won by resignation"]

1. e4 e6 2. d4 d5 3. exd5 exd5 4. Nf3 Nc6 5. Bd3 Bd6 6. Qe2+ Nge7 7. O-O O-O 8. Bxh7+ Kxh7 9. Ng5+ Kg8 10. Qh5 Bf5 11. Nc3 Bg6 12. Qg4 Nf5 13. Be3 Nce7 14. h4 Nh6 15.
Qe2 Qd7 16. h5 Bf5 17. Nf3 Bg4 18. Bxh6 gxh6 19. Qe3 Qe6 20. Qd3 Qf5 21. Qe3 Bxf3 22. gxf3 Kh7 0-1

[Event "Live Chess"]
[Site "Chess.com"]
[Date "2023.05.21"]
[Round "-"]
[White "chessfiction"]
[Black "wot-not"]
[Result "1-0"]
[WhiteElo "2319"]
[BlackElo "1557"]
[TimeControl "300"]
[EndTime "3:29:51 PDT"]
[Termination "chessfiction won by checkmate"]

1. e4 e6 2. d4 d5 3. Nc3 Nf6 4.
e5 Nfd7 5. Nce2 c5 6. c3 cxd4 7.
cxd4 Nc6 8. f4 Be7 9. Nf3 h6 10. g3 g5 11. Bg2 g4 12. Nh4 Qa5+ 13. Bd2 Qb6 14. Be3 Nf8 15. O-O Ng6 16. Nxg6 fxg6 17. Qd3 Kf7 18. Nc3 Bd7 19. Nxd5 exd5 20. Bxd5+ Kg7 21. e6 Be8 22. f5 Rd8 23. Qe4 gxf5 24. Rxf5 Bg6 25. Qxg4 Qxb2 26. Rf7+ Kg8 27. Qxg6# 1-0

[Event "Live Chess"]
[Site "Chess.com"]
[Date "2023.05.21"]
[Round "-"]
[White "EdenHazard8"]
[Black "SupremeTactician"]
[Result "0-1"]
[WhiteElo "1953"]
[BlackElo "2219"]
[TimeControl "300"]
[EndTime "3:30:04 PDT"]
[Termination "SupremeTactician won by resignation"]

1. e4 e5 2. Nf3 Nc6 3. Bb5 a6 4.
Ba4 Nf6 5. O-O Nxe4 6. d4 Be7 7. Re1 b5 8. Rxe4 d5 9. Re1 bxa4 10. Nxe5 Nxe5 11. Rxe5 O-O 12. c3 Bd6 13. Re1 Bf5 14. Nd2 Re8 15. Nf1 Rxe1 16. Qxe1 Qd7 17. Ng3 Bg6 18.
Be3 Re8 19. Qd2 h6 20. Re1 a3 21. b3 Kh7 22. Qe2 Qb5 23. c4 dxc4 24. bxc4 Qb2 25.
c5 Bxg3 26. hxg3 Rb8 27. Qxa6 Qxa2 28. Bc1 Rb1 29. Qf1 Qb3 30. d5 Bd3 31. Re3 Bxf1 0-1

[Event "Live Chess"]
[Site "Chess.com"]
[Date "2023.05.21"]
[Round "-"]
[White "Reggie016"]
[Black "Abde2012"]
[Result "1-0"]
[WhiteElo "1121"]
[BlackElo "736"]
[TimeControl "300"]
[EndTime "3:30:09 PDT"]
[Termination "Reggie016 won by checkmate"]

1. e4 c6 2. d4 d6 3. Nc3 d5 4.
Nf3 Bg4 5. Be2 Nf6 6. h3 Bxf3 7.
Bxf3 e6 8. Bg5 Bb4 9. e5 Bxc3+ 10. bxc3 h6 11. exf6 hxg5 12. fxg7 Rg8 13. Rb1 Qc7 14.
O-O Rxg7 15. Bh5 Rh7 16. Qg4 Ke7 17. Rfe1 f5 18. Qxf5 Rxh5 19. Qxe6+ Kd8 20. Qf6+ Kd7 21. Re7+ Kd8 22. Qf8# 1-0

[Event "Live Chess"]
[Site "Chess.com"]
[Date "2023.05.21"]
[Round "-"]
[White "Keithdfg"]
[Black "NicuMarBo"]
[Result "1-0"]
[WhiteElo "1773"]
[BlackElo "1036"]
[TimeControl "300"]
[EndTime "3:30:26 PDT"]
[Termination "Keithdfg won on time"]

1. Nf3 c5 2. d3 Nc6 3. Nbd2 d5 4. e4 dxe4 5. dxe4 Bg4 6. c3 Nf6 7. Bc4 Qc7 8. h3 O-O-O 9. hxg4 Nxg4 10. Bxf7 g6 11.
Be6+ Kb8 12. Bxg4 Qf4 13. Be6 Ne5 14. Bd5 Nd3+ 15. Kf1 Bh6 16. g3 Nxf2 17. gxf4 Nxd1 18. Rxh6 Rhf8 19. Nc4 g5 20. f5 b5 21. Nce5 1-0

[Event "Live Chess"]
[Site "Chess.com"]
[Date "2023.05.21"]
[Round "-"]
[White "lateforthesky"]
[Black "Greenbecker"]
[Result "1-0"]
[WhiteElo "2108"]
[BlackElo "1656"]
[TimeControl "300"]
[EndTime "3:30:41 PDT"]
[Termination "lateforthesky won by resignation"]

1. e4 e6 2. d4 d5 3. e5 c5 4. c3 Nc6 5. Nf3 cxd4 6. cxd4 Qb6 7. Nc3 Bd7 8. Be2 Nge7 9. O-O Nf5 10. Be3 Qxb2 11. Nb5 O-O-O 12. Rb1 Qxa2 13. Ra1 Qb2 14. Nxa7+ Nxa7 15. Rxa7 Bc6 16. Qd3 Qb6 17. Ra2 Be7 18. Rb1 Qc7 19. Bd2 Qb8 20. Ba5 Rde8 21. Rc2 Kd7 22.
Rxc6 1-0

[Event "Live Chess"]
[Site "Chess.com"]
[Date "2023.05.21"]
[Round "-"]
[White "Brooms1989"]
[Black "JanMur7"]
[Result "0-1"]
[WhiteElo "1132"]
[BlackElo "1968"]
[TimeControl "300"]
[EndTime "3:30:51 PDT"]
[Termination "JanMur7 won by resignation"]

1. e4 e5 2. Nc3 Nf6 3. f4 d5 4. fxe5 Nxe4 5. Nxe4 dxe4 6. Bc4 e3 7. dxe3 Qh4+ 8. g3 Qxc4 9. b3 Qe4 10. Bb2 Qxh1 11.
Qd2 Qxg1+ 12. Ke2 Qg2+ 13. Kd3 Qxd2+ 14. Kxd2 Nc6 15. Rd1 Bg4 16. Re1 O-O-O+ 0-1

[Event "Live Chess"]
[Site "Chess.com"]
[Date "2023.05.21"]
[Round "-"]
[White "GMMickeyAdams"]
[Black "Sweet-O"]
[Result "1-0"]
[WhiteElo "2794"]
[BlackElo "1422"]
[TimeControl "300"]
[EndTime "3:30:57 PDT"]
[Termination "GMMickeyAdams won by resignation"]

1. e4 e5 2. Nf3 Nf6 3. Nc3 Bc5 4.
Nxe5 Nc6 5. Nf3 O-O 6. d4 Bb6 7. e5 Ne8 8. Bd3 d6 9. Bxh7+ Kxh7 10. Ng5+ Kg8 11. Qd3 g6 12. e6 Nxd4 13. exf7+ Kg7 14. Be3 Nf5 15. Nce4 Nf6 16. Qc3 Bxe3 17. fxe3 d5 18. Nxf6 Qxf6 19. Qxf6+ Kxf6 20. Nh7+ Kxf7 21. Nxf8 Kxf8 22.
O-O Kg7 23. Rae1 Bd7 24. e4 dxe4 25. Rxe4 Re8 26. Rxe8 Bxe8 27. Rd1 Ne3 28. Re1 Nxg2 29. Kxg2 Bf7 30. Re7 Kf6 31. Rxc7 Bxa2 32. b3 1-0

[Event "Live Chess"]
[Site "Chess.com"]
[Date "2023.05.21"]
[Round "-"]
[White "HoarseyHorsey"]
[Black "ameetghasi100"]
[Result "0-1"]
[WhiteElo "1453"]
[BlackElo "2615"]
[TimeControl "300"]
[EndTime "3:31:03 PDT"]
[Termination "ameetghasi100 won by resignation"]

1. d4 c5 2. d5 Nf6 3. c4 d6 4. Nc3 Nbd7 5. Nf3 g6 6. Nd2 Bg7 7. e4 O-O 8. Be2 e5 9. O-O a6 10. Ndb1 b5 11. cxb5 axb5 12. Bxb5 Nb6 13. f3 Ba6 14.
Bg5 Bxb5 15. Nxb5 Nc4 16. N1c3 h6 17. Bd2 Qb6 18. Bc1 Ra5 19. a4 Rfa8 20. b3 Rxb5 21.
axb5 Rxa1 22. Qc2 Na5 23. Bb2 c4+ 0-1

[Event "Live Chess"]
[Site "Chess.com"]
[Date "2023.05.21"]
[Round "-"]
[White "ItsNot_Jasper"]
[Black "CheckThis4"]
[Result "0-1"]
[WhiteElo "1373"]
[BlackElo "2496"]
[TimeControl "300"]
[EndTime "3:31:21 PDT"]
[Termination "CheckThis4 won by resignation"]

1. d4 Nf6 2. c4 e5 3. dxe5 Ng4 4. Nf3 Bc5 5. e3 Nc6 6. Nc3 O-O 7. Be2 Ncxe5 8. Nxe5 Nxe5 9. O-O Re8 10. b3 a5 11.
Bb2 Ra6 12. Nd5 Rh6 13. Bxe5 Rxe5 14. Nf4 Qh4 15. h3 d6 16. Bg4 Bxg4 17. Qxg4 Qxg4 18. hxg4 Rh4 19. g3 Rxg4 20. Kg2 Re8 21. Rh1 Rg5 22.
Rh4 c6 23. Rah1 h6 24. Rh5 Rxh5 25. Rxh5 Re5 26. Rxe5 dxe5 27. Nd3 Bd6 28. f4 exf4 29. gxf4 f5 30. Nf2 Kf7 31. Nh3 Kf6 32. Kf3 g5 33. fxg5+ hxg5 34. Nf2 g4+ 35. Kg2 Ke5 36. Kg3 b5 37. a4 bxa4 38. bxa4 Bb8 39. Nxg4+ fxg4 40. Kxg4 Ke4 41. Kg5 Kxe3 42. Kf6 Kd4 43. Ke6 Kxc4 44. Kf5 Kb4 45. Ke4 Kxa4 46. Kd3 Kb5 47. Kc3 a4 48. Kb2 c5 49. Ka2 c4 50. Ka3 Bd6+ 51. Kb2 Kb4 52. Kc2 a3 53. Kb1 Be5 54. Ka2 Bf6 55. Kb1 Kb3 56. Kc1 0-1

[Event "Live Chess"]
[Site "Chess.com"]
[Date "2023.05.21"]
[Round "-"]
[White "WombatIn_A_Box"]
[Black "McSlash1"]
[Result "0-1"]
[WhiteElo "570"]
[BlackElo "2021"]
[TimeControl "300"]
[EndTime "3:31:30 PDT"]
[Termination "McSlash1 won by checkmate"]

1. d4 Nf6 2. f3 d5 3. e4 dxe4 4.
fxe4 Nxe4 5. Bd3 Nf6 6. Bg5 c6 7. Nf3 e6 8. Nc3 Be7 9. Qe2 O-O 10. O-O-O h6 11. Be3 Ng4 12. Ne5 Nxe3 13. Qxe3 Bg5 14. Rde1 Bxe3+ 15. Rxe3 Nd7 16. Nxd7 Bxd7 17. Ne4 f5 18.
Nd6 Qg5 19. Kd2 f4 20. Re4 f3+ 21. Re3 fxg2 22. Rg1 Rf2+ 23. Ke1 Qxe3+ 24. Kd1 Qd2# 0-1

[Event "Live Chess"]
[Site "Chess.com"]
[Date "2023.05.21"]
[Round "-"]
[White "DoYouLikeCurry"]
[Black "RockTroll"]
[Result "0-1"]
[WhiteElo "1397"]
[BlackElo "2234"]
[TimeControl "300"]
[EndTime "3:31:31 PDT"]
[Termination "RockTroll won by resignation"]

1. e4 d5 2. exd5 Qxd5 3. Nc3 Qd8 4. Nf3 Nf6 5. d4 Bg4 6. Be2 c6 7. O-O e6 8. Bg5 Nbd7 9. h3 Bxf3 10. Bxf3 Bd6 11. Bxf6 Nxf6 12. Ne4 Nxe4 13. Bxe4 Bc7 14. Qd3 Qd6 15. f4 O-O-O 16. Bxh7 g6 17. Bxg6 fxg6 18. c3 g5 19. g3 Rxh3 20. Kg2 Rdh8 21. Kf3 gxf4 0-1

[Event "Live Chess"]
[Site "Chess.com"]
[Date "2023.05.21"]
[Round "-"]
[White "gmnorfolk"]
[Black "Richardallis"]
[Result "0-1"]
[WhiteElo "2111"]
[BlackElo "1881"]
[TimeControl "300"]
[EndTime "3:31:37 PDT"]
[Termination "Richardallis won by resignation"]

1. d4 c5 2. d5 d6 3. Nc3 e5 4.
e4 a6 5. f4 b5 6. fxe5 dxe5 7.
Nf3 Bg4 8. a4 b4 9. Nb1 Bd6 10.
Nbd2 Nd7 11. a5 Ngf6 12. Bd3 O-O 13. Nc4 Qe7 14. O-O h6 15. Ne3 Bc7 16. h3 Bxf3 17. Qxf3 g6 18. Nc4 Kg7 19. Be3 Bd6 20. Qf2 Rfc8 21.
Qh4 Rh8 22. Qf2 Rhc8 23. Qd2 Rh8 24. Rf2 Nh5 25. Raf1 g5 26. Kh2 Nf4 27. g3 Rhf8 28. gxf4 exf4 29. Nxd6 Qxd6 30. Bxf4 gxf4 31. Rg2+ Kh8 32.
Qxf4 Qxf4+ 33. Rxf4 Ne5 34. Rf5 f6 35. Rgf2 Kg7 36.
b3 Kg6 37. Be2 Kg7 38. Bh5 Rab8 39. Be2 Ra8 40. Rg2+ Kh8 41. h4 Kh7 42. Kh3 Kh8 43. Rg6 Nxg6 0-1

[Event "Live Chess"]
[Site "Chess.com"]
[Date "2023.05.21"]
[Round "-"]
[White "garyjc"]
[Black "NatashaRegan"]
[Result "0-1"]
[WhiteElo "1045"]
[BlackElo "1715"]
[TimeControl "300"]
[EndTime "3:31:42 PDT"]
[Termination "NatashaRegan won on time"]

1. e4 e5 2. Nf3 Nc6 3. d4 exd4 4. Nxd4 Nxd4 5. Qxd4 Ne7 6. Nc3 Nc6 7. Qe3 b6 8. Bc4 Qf6 9. O-O Bc5 10. Qg3 Bd6 11. Qe3 O-O 12. Nd5 Qh4 13. h3 Ne5 14. Nf4 Nxc4 15. Qg3 Qxg3 16. fxg3 Bb7 17. b3 Ne5 18.
Bb2 Rae8 19. Rad1 Bxe4 20. Bxe5 Rxe5 21. c4 Bc5+ 22. Kh1 d6 23. Nd5 Bxd5 0-1

[Event "Live Chess"]
[Site "Chess.com"]
[Date "2023.05.21"]
[Round "-"]
[White "Ferrarifan27"]
[Black "RoaringKnights"]
[Result "1-0"]
[WhiteElo "2096"]
[BlackElo "1074"]
[TimeControl "300"]
[EndTime "3:31:45 PDT"]
[Termination "Ferrarifan27 won by checkmate"]

1. e4 e6 2. d4 d5 3. e5 c5 4. c3 c4 5. Nf3 Nc6 6. Be2 Nge7 7. O-O Ng6 8. Nbd2 Be7 9. b3 f6 10.
exf6 Bxf6 11. bxc4 dxc4 12. Bxc4 Bd7 13. Re1 O-O 14.
Bxe6+ Bxe6 15. Rxe6 Qd7 16. Re1 Rfe8 17. Ne4 Be7 18. d5 Red8 19. d6 Bxd6 20. Qb3+ Kh8 21. Bg5 Re8 22. Nxd6 Qxd6 23. Rad1 Rxe1+ 24. Rxe1 Rd8 25. Qxb7 Na5 26. Qb5 Qd1 27. Bxd8 Qxd8 28. Re8+ Qxe8 29.
Qxe8+ Nf8 30. Qxf8# 1-0

[Event "Live Chess"]
[Site "Chess.com"]
[Date "2023.05.21"]
[Round "-"]
[White "JamesWallman"]
[Black "LiamClery2020"]
[Result "0-1"]
[WhiteElo "853"]
[BlackElo "1994"]
[TimeControl "300"]
[EndTime "3:31:54 PDT"]
[Termination "LiamClery2020 won on time"]

1. e4 Nf6 2. e5 Nd5 3. d4 d6 4. Nf3 dxe5 5. dxe5 Bg4 6. Be2 e6 7. Nc3 Nc6 8. O-O Be7 9. h3 Bxf3 10. Bxf3 Nxc3 11. bxc3 O-O 12. Qe2 Re8 13. Be3 Nxe5 14.
Rad1 Qc8 15. Bd4 Ng6 16. Rd3 c5 17. Be3 Qc7 18. Rfd1 Ne5 19. Bf4 Nxf3+ 20. Qxf3 Qb6 21. Rd7 Bf6 22. Qh5 g6 23. Qh6 Bg7 24. Qh4 e5 25. Be3 Rac8 26. R1d5 Rc6 27. Qg4 Qb1+ 28. Kh2 Qxc2 29.
Qf3 Rf6 30. Qg3 e4 31. Bg5 Rxf2 32. Rd8 Qa4 33. Qxf2 f5 34. Qxc5 Rf8 35. Rxf8+ Bxf8 36. Rd8 Qe8 37. Rxe8 Kf7 38. Rb8 Bxc5 0-1

[Event "Live Chess"]
[Site "Chess.com"]
[Date "2023.05.21"]
[Round "-"]
[White "KeithArkell"]
[Black "JoeRoot66"]
[Result "1-0"]
[WhiteElo "2497"]
[BlackElo "1916"]
[TimeControl "300"]
[EndTime "3:32:11 PDT"]
[Termination "KeithArkell won by resignation"]

1. d4 d5 2. Nf3 Nf6 3. c4 e6 4.
cxd5 exd5 5. Nc3 c6 6. Qc2 Be7 7. Bg5 O-O 8. e3 Nbd7 9. Bd3 Re8 10. O-O Nf8 11. Bxf6 Bxf6 12. b4 a6 13. a4 Bg4 14.
Nd2 Ng6 15. Bf5 Bxf5 16. Qxf5 Qc8 17. Qxc8 Raxc8 18. Rfc1 Be7 19. Rab1 b5 20. a5 f6 21.
Rc2 f5 22. g3 Nf8 23. Ne2 Ne6 24. Nc1 g5 25. Nd3 Bd6 26. Rbc1 Nd8 27. Nf3 h6 28.
Nfe5 Bxe5 29. Nxe5 Re6 30. Rc5 Kf8 31. Rxd5 Nf7 32.
Nxf7 cxd5 33. Rxc8+ Kxf7 34. Rc5 Rd6 35. Kg2 Ke6 36.
Kf3 h5 37. h4 Kf6 38. hxg5+ Kxg5 39. Rc8 Kf6 40. Rf8+ Kg6 41. Kf4 Rf6 42. Rxf6+ Kxf6 43. f3 Kg6 44. Ke5 Kg5 45. Kxd5 h4 46. gxh4+ Kxh4 47. Ke5 Kg3 48. Kxf5 Kxf3 49. e4 Ke3 50. d5 1-0

[Event "Live Chess"]
[Site "Chess.com"]
[Date "2023.05.21"]
[Round "-"]
[White "nigelst"]
[Black "WelshTiger"]
[Result "0-1"]
[WhiteElo "1708"]
[BlackElo "2332"]
[TimeControl "300"]
[EndTime "3:32:12 PDT"]
[Termination "WelshTiger won by resignation"]

1. e4 c5 2. Nf3 d6 3. Bb5+ Bd7 4. Bxd7+ Qxd7 5. O-O Nc6 6. c3 Nf6 7. Re1 e5 8. d4 cxd4 9. cxd4 Be7 10. dxe5 dxe5 11.
Qxd7+ Nxd7 12. Nc3 Nc5 13. Nd5 Rd8 14. Nc7+ Kd7 15. Nd5 Ke6 16. Nxe7 Kxe7 17. Bg5+ f6 18. Bh4 Ke6 19. Rac1 b6 20. b4 Nxb4 21. a3 Nbd3 0-1